 Dungeon Crawl Stone Soup version 0.24.0-13-gcf9b3192b9 (webtiles) character file.

Game seed: 3639702563522798121, levelgen mode: deterministic

44 night the Skirmisher (level 3, -3/31 (33) HPs)
             Began as a Ghoul Monk on Nov 9, 2019.
             Was a Believer of Nemelex Xobeh.
             Slain by a kobold (4 damage)
             ... on level 2 of the Dungeon.
             The game lasted 00:02:36 (877 turns).

night the Skirmisher (Ghoul Monk)                    Turns: 877, Time: 00:02:37

HP:   -3/31 (33)    AC:  2    Str: 15    XL:     3   Next: 60%
MP:   2/2           EV:  9    Int:  5    God:    Nemelex Xobeh [**....]
Gold: 11            SH:  7    Dex: 11    Spells: 2/2 levels left

rFire    . . .     SeeInvis .   e - -3 hunting sling (curse)
rCold    + . .     Gourm    .   c - +0 shield
rNeg     + + +     Faith    .   a - +0 robe
rPois    ∞         Spirit   .   (no helmet)
rElec    .         Reflect  .   (no cloak)
rCorr    .         Harm     .   (no gloves)
MR       .....                  (no boots)
Stlth    ++........             (no amulet)
HPRegen  0.00/turn              (no ring)
MPRegen  0.08/turn              (no ring)

@: rotting
A: rotting body, claws 1, carnivore, cold resistance 1, negative energy
resistance 3, inhibited regeneration, torment resistance, unbreathing
a: Draw Escape, Draw Destruction, Draw Summoning, Renounce Religion


You were on level 2 of the Dungeon.
You worshipped Nemelex Xobeh.
Nemelex Xobeh was pleased with you.
You were not hungry.

You visited 1 branch of the dungeon, and saw 2 of its levels.

You collected 11 gold pieces.

Inventory:

Hand Weapons
 e - a cursed -3 hunting sling (weapon)
Armour
 a - a +0 robe (worn)
 c - a +0 shield (worn)
Comestibles
 b - a ration


   Skills:
 + Level 4.2 Fighting
 - Level 2.6 Dodging
 - Level 2.1 Stealth
 + Level 4.2 Unarmed Combat


You had 2 spell levels left.
You didn't know any spells.
Your spell library was empty.

Dungeon Overview and Level Annotations

Branches:
Dungeon (1/15)

Altars:
Elyvilon
Nemelex Xobeh
Qazlal
Vehumet
Xom


Innate Abilities, Weirdness & Mutations

Your body is rotting away.
You thrive on raw meat.
You are immune to poison.
You have sharp fingernails.
You are carnivorous and can eat meat at any time.
Your flesh is cold resistant. (rC+)
You are immune to negative energy. (rN+++)
You do not regenerate when monsters are visible.
You are immune to unholy pain and torment.
You can survive without breathing.


Message History

You clumsily bash the kobold but do no damage.
The kobold barely misses you. The kobold hits you but does no damage.
You clumsily bash the kobold but do no damage.
The kobold hits you.
* * * LOW HITPOINT WARNING * * *
You closely miss the kobold. The kobold hits you.
* * * LOW HITPOINT WARNING * * *
The kobold hits you.
* * * LOW HITPOINT WARNING * * *
You barely miss the kobold. The kobold closely misses you. The kobold hits you.
* * * LOW HITPOINT WARNING * * *
You see here a stone.
d - a stone The kobold hits you but does no damage.
Firing (i - inventory)
d - a stone (quivered)
Press: ? - help, Shift-Dir - straight line, f - kobold
Aim: a kobold You shoot a stone.
The stone barely misses the kobold.
The kobold hits you.
You die...
Your body disappears without a glow.

#...# #.#.# #.#.# #.#.#
#.#.# #.#.# ###### #.#.K
.....####### #(###
.....'.....## #@#
.....#####..# #K# .....#
##.## #.#
.....######..###.########.##
..[.........................
#####).....#.###.###.####.##
#......#..##.# #.#
#......##.##.###.#
#########..#.#...#


You could see a kobold.

Vanquished Creatures
  4 adders (D:2)
  A bat (D:2)
  A hobgoblin (D:2)
  2 kobolds (D:2)
  A quokka (D:2)
  A rat (D:2)
10 creatures vanquished.

Notes
Turn   | Place    | Note
-------+----------+-------------------------------------------
     0 | D:1      | night the Ghoul Monk began the quest for the Orb.
     0 | D:1      | Reached XP level 1. HP: 19/19 MP: 0/0
     2 | D:1      | You fall into a shaft and drop 1 floor!
    80 | D:2      | Reached XP level 2. HP: 1/27 MP: 1/1
   474 | D:2      | Found a white marble altar of Elyvilon.
   477 | D:2      | Found a shimmering altar of Xom.
   478 | D:2      | Found a sparkling altar of Nemelex Xobeh.
   478 | D:2      | Found a radiant altar of Vehumet.
   478 | D:2      | Found a stormy altar of Qazlal.
   485 | D:2      | Reached XP level 3. HP: 31/32 MP: 2/2
   765 | D:2      | Became a worshipper of Nemelex Xobeh the Trickster
   765 | D:2      | Received a gift from Nemelex Xobeh
   765 | D:2      | Reached * piety under Nemelex Xobeh
   765 | D:2      | Reached ** piety under Nemelex Xobeh
   874 | D:2      | HP: 1/31 [kobold (2)]
   877 | D:2      | Slain by a kobold

Levels and vault maps discovered:
D:1:      evilmike_arrival_rings, layout_loops_ring
D:2:      layout_basic, grunt_temple_overflow_open, first_ration,
          nemelex_lonely_heart_becter

Skill      XL: |  1  2  3 |
---------------+----------+-----
Fighting       | 4 |  4.2
Unarmed Combat | 4 |  4.2
Dodging        | |  2.6
Stealth        | |  2.1

Action                   || total
-------------------------++-------
Melee: Unarmed           ||    54
       Hunting sling     ||    25
 Fire: Hunting sling     ||     1
 Abil: Draw Destruction  ||     3
       Draw Escape       ||     1
  Use: Scroll            ||     1
 Stab: Sleeping          ||     1
  Eat: Chunk             ||     2
Armor: Robe              ||    12
Dodge: Dodged            ||    43
Block: Shield            ||    28
